 Dungeon Crawl Stone Soup version 0.26-a0-651-gb41185065b (webtiles) character file.

Game seed: 8681732478267407859

30382 tilp the Unseen (level 13, -6/65 HPs)
             Began as a Spriggan Enchanter on Oct 5, 2020.
             Was a High Priest of Dithmenos.
             Killed from afar by an ice statue (25 damage)
             ... with a bolt of cold
             ... in an ice cave.
             The game lasted 00:47:42 (22330 turns).

tilp the Unseen (Spriggan Enchanter)               Turns: 22330, Time: 00:47:43

Health: -6/65      AC: 13    Str:  4    XL:     13   Next: 20%
Magic:  2/23       EV: 31    Int: 20    God:    Dithmenos [*****.]
Gold:   1452       SH: 12    Dex: 18    Spells: 11/24 levels left

rFire    . . .     SeeInvis +   a - +2 dagger (elec)
rCold    . . .     Faith    .   K - +0 buckler
rNeg     . . .     Spirit   .   S - +0 steam dragon scales
rPois    .         Reflect  +   (helmet restricted)
rElec    .         Harm     .   (no cloak)
rCorr    .         Rampage  .   (gloves unavailable)
MR       ++...                  (boots unavailable)
Stlth    +++++++++.             o - amulet of reflection
HPRegen  0.20/turn              t - +4 ring of protection (curse)
MPRegen  0.18/turn              G - +4 ring of protection

@: wreathed by umbra, very quick
A: very small, unfitting armour, see invisible, speed 3
a: Shadow Step, Shadow Form, Renounce Religion


You were in an ice cave.
You worshipped Dithmenos.
Dithmenos was extremely pleased with you.
You visited 3 branches of the dungeon, and saw 17 of its levels.
You also visited: Bailey and Ice Cave.

You collected 1452 gold pieces.

Inventory:

Hand Weapons
 a - a +2 dagger of electrocution (weapon)
 b - a +1 dagger of venom
 x - a +2 dagger of freezing
 A - a +3 dagger
 N - the +8 trident of the Octopus King {venom, rElec rPois MR+}
   (You found it on level 5 of the Lair of Beasts)

   It poisons the flesh of those it strikes.
   It insulates you from electricity.
   It protects you from poison.
   It affects your resistance to hostile enchantments.
 P - a +4 scimitar of flaming
Missiles
 i - 8 curare-tipped darts
 s - 89 poisoned darts (quivered)
 y - a throwing net {!f}
Armour
 K - a +0 buckler (worn)
 S - +0 steam dragon scales (worn)
Jewellery
 e - an uncursed amulet of regeneration {unknown}
 m - a cursed ring of attention {unknown}
 o - an amulet of reflection (around neck)
 t - a cursed +4 ring of protection (left hand)
 G - a +4 ring of protection (right hand)
 M - an uncursed ring of protection from fire
 Q - an uncursed ring of positive energy
 R - an uncursed ring of resist corrosion
Wands
 u - a wand of polymorph (15)
 w - a wand of enslavement (8)
 B - a wand of flame (6)
 E - a wand of paralysis (48)
Scrolls
 c - a scroll of blinking
 d - 9 scrolls of remove curse
 g - 7 scrolls of amnesia
 k - 12 scrolls of teleportation
 z - 2 scrolls of fog
 H - 6 scrolls of identify
 O - a scroll of magic mapping
 T - a scroll of vulnerability {unknown}
Potions
 f - a potion of stabbing
 h - 6 potions of mutation
 j - 4 potions of might
 l - 2 potions of berserk rage
 p - 4 potions of lignification
 q - 6 potions of haste
 r - a potion of magic
 v - 5 potions of brilliance
 C - 2 potions of cancellation
 D - 2 potions of heal wounds
 F - a potion of resistance {unknown}
 J - 5 potions of curing
 L - 2 potions of flight
Miscellaneous
 n - a box of beasts (2/3)
 I - a box of beasts (2/3)


   Skills:
 + Level 6.1 Fighting
 - Level 10.0 Short Blades
 - Level 15.0 Dodging
 + Level 15.1 Stealth
 - Level 4.0 Shields
 - Level 6.0 Spellcasting
 - Level 2.0 Conjurations
 - Level 10.0 Hexes
 + Level 2.3 Earth Magic
 + Level 4.2 Invocations
 + Level 6.2 Evocations


You had 11 spell levels left.
You knew the following spells:

 Your Spells              Type           Power        Failure   Level
a - Corona                Hex            #####..      1%          1
b - Ensorcelled Hibernat  Hex/Ice        ####..       2%          2
c - Confusing Touch       Hex            #####...     1%          3
d - Tukima's Dance        Hex            #####...     1%          3
e - Dazzling Flash        Conj/Hex       ####..       3%          3
f - Sandblast             Erth           ###...       4%          1

Your spell library contained the following spells:

 Spells                   Type           Power        Failure   Level
 Summon Guardian Golem    Hex/Summ       ####....     4%          3
 Leda's Liquefaction      Hex/Erth       ####......   10%         4
 Fulminant Prism          Conj/Hex       ####......   11%         4
 Passwall                 Tmut/Erth      ##......     12%         2
 Summon Small Mammal      Summ           #...         13%         1
 Stone Arrow              Conj/Erth      ##....       16%         3
 Call Imp                 Summ           #.......     19%         2
 Corpse Rot               Necr/Air       N/A          19%         2
 Call Canine Familiar     Summ           #.......     36%         3
 Gell's Gravitas          Tloc           #.........   36%         3
 Metabolic Englaciation   Hex/Ice        ####......   41%         5
 Summon Mana Viper        Hex/Summ       ####....     41%         5
 Yara's Violent Unravell  Hex/Tmut       ####......   41%         5
 Petrify                  Tmut/Erth      ##......     61%         4
 Animate Dead             Necr           #.........   77%         4
 Summon Ice Beast         Ice/Summ       #.......     77%         4
 Summon Lightning Spire   Summ/Air       #.......     77%         4
 Lee's Rapid Deconstruct  Erth           ###.......   80%         5
 Borgnjor's Vile Clutch   Necr/Erth      ##........   91%         5
 Summon Forest            Summ/Tloc      #.........   98%         5
 Death Channel            Necr           #.........   100%        6
 Eringya's Noxious Bog    Tmut/Pois      #.........   100%        6
 Hydra Form               Tmut           #.........   100%        6
 Simulacrum               Ice/Necr       #.........   100%        6
 Dragon Form              Tmut           #.........   100%        7
 Summon Hydra             Summ           #.........   100%        7


Dungeon Overview and Level Annotations

Branches:
Dungeon (11/15)            Temple (1/1) D:7            Lair (5/6) D:10
 Shoals (0/4) Lair:4       Spider (0/4) Lair:3          Orc (0/2) D:11
 Bailey (visited)           IceCv (1/1)
  Slime: Lair:5-6

Altars:
Ashenzari
Cheibriados
Dithmenos
Elyvilon
Fedhas
Gozag
Hepliaklqana
Kikubaaqudgha
Makhleb
Nemelex Xobeh
Okawaru
Qazlal
Ru
Sif Muna
Trog
Uskayaw
Vehumet
Wu Jian
Xom
Yredelemnul
Zin
The Shining One

Shops:
D:11 (

Annotations:
D:3 Grinder IceCv 1 transporter, exclusion: 2 ice statues


Innate Abilities, Weirdness & Mutations

You are very small and have problems with some larger weapons.
You are too small for most types of armour.
You have supernaturally acute eyesight. (SInv)
You cover ground extremely quickly.


Message History

Marking area around 2 ice statues as unsafe for travelling.
Found 61 gold pieces, 19 sling bullets and a hardcover book.
Found an ice covered gate leading back out of this place.
You feel much better.
Marking area around 2 ice statues as unsafe for travelling.
The white ugly thing gurgles horribly!
Found 25 gold pieces and 9 poisoned darts.
Found a transporter.
Casting: Dazzling Flash (dangerous; 3% risk of failure)
Confirm with . or Enter, or press ? or * to list all spells.
You don't have enough magic to cast that spell.
You hit the white ugly thing but do no damage.
The white ugly thing punches you. The white ugly thing freezes you!
* * * LOW HITPOINT WARNING * * *
There is a transporter landing site here.
The ice statue gestures at you. The bolt of cold misses you.
The ice statue gestures at you. The bolt of cold hits you!!
You die...

#######
##.....##
##...∩...##
##....@....##
#.....©.....#
#.....u.....#
#...........#
#.............#
#....8...8....#
#......$......#
##....$.(....##
#...8.:.8...#


You could see 2 ice statues and a white ugly thing.

Vanquished Creatures
  Snorg (D:11)
  5 hydras
  A two-headed ogre (D:10)
  Nergalle (D:10)
  An orc knight (Bailey)
  An ugly thing (D:11)
  A salamander (Lair:4)
  A cyclops (D:10)
  A merfolk siren (Lair:4)
  3 black mambas
  6 cane toads
  4 komodo dragons
  2 rime drakes (Lair:5)
  An efreet (D:11)
  A troll (D:9)
  A polar bear (Lair:3)
  A hornet (D:10)
  5 dream sheep
  9 blink frogs (Lair:3)
  3 hippogriffs
  A meliai zombie (D:11)
  2 shadows (D:11)
  A tarantella (Lair:3)
  2 wyverns
  A water elemental (D:11)
  A basilisk (Lair:4)
  A steam dragon (Lair:3)
  The ghost of PanSaczeczos the Ruffian, an amateur DrTm of Sif Muna (D:3)
  34 yaks
  13 water moccasins
  2 two-headed ogre zombies (D:11)
  6 porcupines
  Duvessa (D:4)
  8 orc warriors
  2 sky beasts
  2 black bears
  4 ice beasts
  5 ogres
  2 necrophages (D:10)
  3 phantoms
  3 centaurs
  3 crocodiles
  7 bullfrogs
  A gnoll sergeant (D:8)
  Dowan (D:4)
  A scorpion (D:10)
  3 troll zombies
  4 killer bees (D:9)
  A wight (D:10)
  11 electric eels
  A howler monkey (D:6)
  A bullfrog zombie (D:7)
  2 orc priests
  A bullfrog skeleton (D:10)
  A centaur zombie (D:7)
  5 hounds
  A jelly (D:6)
  3 human zombies (D:10)
  A centaur skeleton (D:7)
  2 human skeletons (D:10)
  6 worker ants
  Natasha (thrice) (D:3 D:2)
  5 iguanas
  12 orc wizards
  4 hell rats (Lair:3)
  4 ogre zombies (D:11)
  A hound zombie (D:5)
  A hound skeleton (D:7)
  4 mummies (D:10)
  A worker ant zombie (D:3)
  A howler monkey zombie (D:6)
  8 gnolls
  13 adders
  3 river rats (Lair:3)
  4 white imps
  An ufetubus (D:6)
  2 oozes
  3 adder skeletons (D:7)
  An adder zombie (D:3)
  A dart slug (D:1)
  5 leopard geckos
  29 orcs
  7 bats
  7 giant cockroaches
  12 goblins
  11 hobgoblins
  9 jackals
  12 quokkas
  2 ball pythons
  2 frilled lizards
  2 goblin skeletons (D:11)
  3 goblin zombies (D:11)
  A hobgoblin skeleton (D:11)
  3 hobgoblin zombies (D:11)
  2 jackal skeletons
  A jackal zombie (D:7)
  22 kobolds
  3 orc skeletons (D:11)
  13 orc zombies (D:11)
  2 quokka skeletons
  A quokka zombie (D:3)
  9 rats
430 creatures vanquished.

Vanquished Creatures (others)
  2 bushes (D:9)
  16 fungi
  22 plants
40 creatures vanquished.

Grand Total: 470 creatures vanquished

Notes
Turn   | Place    | Note
-------+----------+-------------------------------------------
     0 | D:1      | tilp the Spriggan Enchanter began the quest for the Orb.
     0 | D:1      | Reached XP level 1. HP: 9/9 MP: 5/5
   329 | D:1      | Reached XP level 2. HP: 11/13 MP: 3/6
   337 | D:1      | Learned a level 2 spell: Ensorcelled Hibernation
   914 | D:1      | Reached skill level 5 in Stealth
   947 | D:1      | Reached XP level 3. HP: 16/16 MP: 8/8
   952 | D:1      | Learned a level 3 spell: Confusing Touch
  2048 | D:2      | Reached XP level 4. HP: 21/21 MP: 10/10
  2282 | D:3      | Noticed Natasha
  2291 | D:3      | Killed Natasha
  2474 | D:3      | Noticed Grinder
  2612 | D:3      | Found a runed translucent gate.
  2612 | D:3      | Found a runed translucent gate.
  2612 | D:3      | Found a runed translucent gate.
  2613 | D:3      | Noticed PanSaczeczos's ghost (amateur DrTm)
  2734 | D:3      | Reached XP level 5. HP: 24/24 MP: 2/12
  2797 | D:3      | Noticed Natasha
  2998 | D:2      | Killed Natasha
  3131 | D:2      | Noticed Natasha
  3141 | D:2      | Killed Natasha
  3283 | D:4      | Reached skill level 5 in Hexes
  3492 | D:4      | Found a sparkling altar of Nemelex Xobeh.
  3597 | D:4      | Reached XP level 6. HP: 28/28 MP: 9/13
  3744 | D:4      | Noticed Dowan
  3768 | D:4      | Noticed Duvessa
  4184 | D:4      | Reached XP level 7. HP: 32/32 MP: 1/14
  4750 | D:4      | Killed Duvessa
  4750 | D:4      | Reached skill level 5 in Short Blades
  4750 | D:4      | Reached skill level 1 in Fighting
  4754 | D:4      | Killed Dowan
  4951 | D:5      | Entered Level 5 of the Dungeon
  4971 | D:5      | Found a shimmering blue altar of Sif Muna.
  5184 | D:5      | Reached skill level 5 in Dodging
  5664 | D:5      | Found an ancient bone altar of Kikubaaqudgha.
  5731 | D:5      | Reached XP level 8. HP: 39/39 MP: 0/15
  6179 | D:5      | Found an iron altar of Okawaru.
  7196 | D:6      | Learned a level 3 spell: Tukima's Dance
  7200 | D:6      | Learned a level 3 spell: Dazzling Flash
  7355 | D:6      | Reached skill level 1 in Evocations
  7826 | D:7      | Found a staircase to the Ecumenical Temple.
  7835 | Temple   | Entered the Ecumenical Temple
  8095 | Temple   | Became a worshipper of Dithmenos the Shadowed
  8189 | D:7      | Reached XP level 9. HP: 43/44 MP: 12/16
  8681 | D:7      | Found an ornate altar of the Wu Jian Council.
  8681 | D:7      | Found an iron altar of Okawaru.
  8686 | D:7      | Found a faded altar of an unknown god.
  8688 | D:7      | Found a burning altar of Makhleb.
  8690 | D:7      | Found a sacrificial altar of Ru.
  9564 | D:8      | Found a stormy altar of Qazlal.
  9670 | D:8      | Reached * piety under Dithmenos
  9826 | D:8      | Reached skill level 10 in Stealth
 10061 | D:9      | Found a blossoming altar of Fedhas.
 10066 | D:9      | Found a stormy altar of Qazlal.
 10080 | D:9      | Noticed a troll
 10098 | D:9      | Killed a troll
 10297 | D:9      | Found a flagged portal.
 10309 | Bailey   | Entered a bailey
 10369 | Bailey   | Learned a level 1 spell: Sandblast
 11010 | Bailey   | Noticed an orc knight
 11017 | Bailey   | Killed an orc knight
 11017 | Bailey   | Reached XP level 10. HP: 49/49 MP: 12/17
 11050 | Bailey   | Reached skill level 1 in Invocations
 11077 | Bailey   | Reached ** piety under Dithmenos
 11399 | D:9      | Reached skill level 1 in Earth Magic
 11485 | D:9      | Reached skill level 1 in Conjurations
 12075 | D:9      | Reached skill level 5 in Evocations
 12287 | D:10     | Entered Level 10 of the Dungeon
 12301 | D:10     | Reached skill level 5 in Spellcasting
 12426 | D:10     | Found a staircase to the Lair.
 12615 | D:10     | Noticed a two-headed ogre
 13087 | D:10     | Noticed Nergalle
 13094 | D:10     | Killed Nergalle
 13206 | D:10     | Killed a two-headed ogre
 13206 | D:10     | Reached skill level 1 in Shields
 13206 | D:10     | Reached XP level 11. HP: 53/53 MP: 16/19
 13291 | D:10     | Found a basalt altar of Yredelemnul.
 13428 | D:11     | Noticed Snorg
 13652 | D:11     | Reached *** piety under Dithmenos
 14194 | D:11     | Found a staircase to the Orcish Mines.
 14739 | D:11     | Reached **** piety under Dithmenos
 14915 | D:11     | Found Geimm's Weapon Emporium.
 15067 | D:11     | Got a translucent mace
 15273 | D:11     | Noticed a brown ugly thing
 15283 | D:11     | Killed a brown ugly thing
 15347 | D:11     | Killed Snorg
 16086 | D:3      | Killed PanSaczeczos's ghost
 16889 | Lair:1   | Entered Level 1 of the Lair of Beasts
 17026 | Lair:1   | Noticed an eight-headed hydra
 17045 | Lair:1   | Killed an eight-headed hydra
 17750 | Lair:2   | Reached skill level 10 in Dodging
 17783 | Lair:2   | Reached XP level 12. HP: 58/58 MP: 22/22
 18738 | Lair:3   | Found a hole to the Spider Nest.
 19167 | Lair:3   | Reached skill level 5 in Fighting
 19169 | Lair:3   | Reached skill level 15 in Stealth
 19171 | Lair:3   | Noticed a seven-headed hydra
 19339 | Lair:3   | Reached skill level 10 in Hexes
 19442 | Lair:3   | Killed a seven-headed hydra
 19518 | Lair:3   | Reached ***** piety under Dithmenos
 20172 | Lair:3   | Identified the +2 mace of Muovokhloblie {speed, *Rage rC++
                  | Dex+6} (You found it on level 11 of the Dungeon)
 20199 | Lair:4   | Reached skill level 10 in Short Blades
 20218 | Lair:4   | Noticed a six-headed hydra
 20226 | Lair:4   | Killed a six-headed hydra
 20412 | Lair:4   | Noticed a seven-headed hydra
 21013 | Lair:3   | Killed a seven-headed hydra
 21637 | Lair:4   | Found a staircase to the Shoals.
 21697 | Lair:4   | Reached XP level 13. HP: 65/65 MP: 20/23
 22174 | Lair:5   | Identified the Almanac of Transformation and Curses
 22210 | Lair:5   | Found the +8 trident of the Octopus King {venom, rElec
                  | rPois MR+}
 22211 | Lair:5   | Reached skill level 15 in Dodging
 22296 | Lair:5   | Found a frozen archway.
 22312 | IceCv    | Entered an ice cave
 22313 | IceCv    | Found a transporter.
 22327 | IceCv    | Found a transporter.
 22330 | IceCv    | Killed from afar by an ice statue

Illustrated notes

Levels and vault maps discovered:
D:1:      zelgadis_glass_arrival_small, layout_loops_corners
D:2:      layout_basic
D:3:      layout_rooms, gammafunk_ghost_necromancy, uniq_grinder, uniq_natasha
D:4:      layout_layer_cave, old_standard_altar, fountainhead, uniq_duvessa
D:5:      layout_rooms, lemuel_round_altar, lemuel_doored_altar,
          columned_hall_lemuel, minmay_misc_feat_five,
          hangedman_decor_peaks_small, kennysheep_okawaru_gauntlet
D:6:      layout_loops_ring
D:7:      cheibrodos_two_vegetables, layout_gridville,
          chequers_temple_overflow_minitemple,
          minmay_temple_entry_gardened_gates
D:8:      layout_layer_cave, nicolae_qazlal_general_emergency
D:9:      layout_cross, grunt_temple_overflow_forces_of_nature, enter_bailey_2,
          hangedman_abyss_or_decor_passed, minmay_misc_feat_four_crosses
D:10:     layout_long_grid, lair_entry_dummy,
          lemuel_mausoleum_altar_yredelemnul, uniq_nergalle
D:11:     layout_basic, zombieorc2_lemuel, serial_shops, kennysheep_little_box,
          uniq_snorg
Temple:   oiseaux_autumnal_temple
Lair:1:   layout_roguey, serial_bayou_shore_b
Lair:2:   layout_cave_pods, serial_bayou_shore_a, grunt_megastairs_2
Lair:3:   layout_cave_shapes, spider_nest_entry_rubble,
          kennysheep_abandoned_house
Lair:4:   layout_gridlike, minmay_shoals_entry_lonely_mermaid
Lair:5:   layout_concentric_octagons, portal_ice_cave_rime, serial_bayou_pond_a
IceCv:    ice_cave_statue_garden_transporter

Skill      XL: |  1  2  3  4  5  6  7  8  9 10 11 12 13 |
---------------+----------------------------------------+-----
Spellcasting   | 3 4 5 6 |  6.0
Hexes          | 4 5 6 8 9 10 | 10.0
Stealth        | 5 6 7 8 12 13 14 15 | 15.1
Short Blades   | 2 3 4 5 8 9 10 | 10.0
Fighting       | 2 3 4 6 |  6.1
Dodging        | 5 8 10 14 15 | 15.0
Evocations     | 2 4 5 6 |  6.2
Invocations    | 2 4 |  4.2
Earth Magic    | 2 |  2.3
Conjurations   | 1 2 |  2.0
Shields        | 1 3 4 |  4.0

Action                   |  1- 3 |  4- 6 |  7- 9 | 10-12 | 13-15 || total
-------------------------+-------+-------+-------+-------+-------++-------
Melee: Dagger            |   114 |    57 |   309 |   619 |    41 ||  1140
 Cast: Corona            |     5 |       |     2 |       |       ||     7
       Ensorcelled Hiber |    15 |    36 |    95 |   172 |    24 ||   342
       Confusing Touch   |       |     3 |    20 |    22 |     2 ||    47
       Sandblast         |       |       |    29 |       |       ||    29
       Dazzling Flash    |       |       |       |     8 |     1 ||     9
Evoke: Wand              |       |       |       |    11 |       ||    11
       Box of beasts     |       |       |       |     1 |     1 ||     2
  Use: Scroll            |     1 |     8 |    10 |     7 |     4 ||    30
       Potion            |       |       |     1 |       |     1 ||     2
 Stab: Sleeping          |    27 |    22 |    64 |   134 |    16 ||   263
       Confused          |       |     3 |    20 |    28 |     3 ||    54
       Distracted        |       |       |     2 |     1 |     1 ||     4
       Invisible         |       |       |       |     4 |       ||     4
Armor: Robe              |     9 |     6 |    25 |    26 |       ||    66
       Steam dragon scal |       |       |       |    13 |     3 ||    16
Dodge: Dodged            |    72 |    27 |   294 |   378 |    23 ||   794
Block: Other             |       |     7 |    76 |    67 |       ||   150
       Reflection        |       |       |    36 |       |       ||    36
       Buckler           |       |       |       |     1 |    18 ||    19

Table legend: (Time is in decaauts)
 A = Elapsed time spent in this place.
 B = Non-inter-level travel time spent in this place.
 C = Inter-level travel time spent in this place.
 D = Time resting spent in this place.
 E = Time spent auto-exploring this place.
 F = Levels seen in this place.
 G = Mean time per level.
                   A        B        C        D        E       F      G
               +--------+--------+--------+--------+--------+-----+--------+
         Total |  17487 |  16634 |    853 |   6829 |   6366 |  19 |  920.4 |
       Dungeon |  12365 |  11696 |    669 |   5164 |   4074 |  11 | 1124.1 |
        Temple |    182 |    146 |     36 |      0 |    144 |   1 |  182.0 |
          Lair |   4077 |   3930 |    147 |   1051 |   2125 |   5 |  815.4 |
        Bailey |    848 |    848 |      0 |    613 |     22 |   1 |  848.0 |
      Ice Cave |     13 |     13 |      0 |      0 |      0 |   1 |   13.0 |
               +--------+--------+--------+--------+--------+-----+--------+

Top non-repeatable levels by time:
    D:11: 1890 daAuts
  Lair:3: 1623 daAuts
     D:7: 1399 daAuts
     D:5: 1350 daAuts
     D:4: 1215 daAuts
  Lair:2: 1148 daAuts
     D:1: 1133 daAuts
    D:10: 1087 daAuts
     D:6: 1027 daAuts
     D:9: 862 daAuts
     D:2: 854 daAuts
  Bailey: 848 daAuts
     D:8: 803 daAuts
     D:3: 742 daAuts
  Lair:4: 684 daAuts
